[Event "Early-Titled-Tuesday-Blitz-April-02-2024"]
[Site "Chess.com"]
[Date "2024.04.02"]
[Round "6"]
[White "EvgenyBurmakin"]
[Black "Ralf61"]
[Result "0-1"]
[WhiteElo "2359"]
[BlackElo "2534"]
[TimeControl "180+1"]
[EndTime "9:07:33 PDT"]
[Termination "Ralf61 won on time"]

1. e4 c5 2. Nc3 d6 3. Nf3 Nf6 4.
d4 cxd4 5. Nxd4 a6 6. Be3 e5 7. Nb3 Be6 8. f3 h5 9. Qd2 Nbd7 10. O-O-O b5 11. Kb1 Qc7 12. h4 Be7 13. Nd5 Nxd5 14. exd5 Bf5 15. Bd3 Bxd3 16. Qxd3 Rc8 17. c3 Qc4 18.
Na5 Qxd3+ 19. Rxd3 f5 20. Nc6 Bf6 21. Kc2 Kf7 22.
Bf2 Nc5 23. Rd2 Rhe8 24. Re1 e4 25. Bxc5 dxc5 26. fxe4 Rxe4 27. Rxe4 fxe4 28. Re2 Re8 29. d6 Re6 30. Na5 Rxd6 31. Rxe4 c4 32. Nb7 Rd3 33.
Nc5 Rg3 34. Re2 Bxh4 35. Nxa6 Bd8 36. Nc5 Bb6 37. Ne4 Re3 38. Rxe3 Bxe3 39. Nd6+ Ke6 40.
Nxb5 g5 41. a4 h4 42. Kd1 g4 43. Ke2 Bc1 44. a5 Kd5 45. a6 Kc6 46. Kf2 Bxb2 47. a7 Kb7 48. Nd6+ Kxa7 49. Nxc4 Bxc3 50. Nd6 Kb6 51. Ne4 Bd4+ 0-1

[Event "Early-Titled-Tuesday-Blitz-April-02-2024"]
[Site "Chess.com"]
[Date "2024.04.02"]
[Round "6"]
[White "Durarbayli"]
[Black "Elegance_Riks"]
[Result "1-0"]
[WhiteElo "2939"]
[BlackElo "2779"]
[TimeControl "180+1"]
[EndTime "9:07:35 PDT"]
[Termination "Durarbayli won by resignation"]

1. e4 e6 2. d4 d5 3. Nc3 Bb4 4. e5 c5 5. a3 Bxc3+ 6. bxc3 Nc6 7. Qg4 g6 8. Nf3 Qa5 9. Bd2 Qa4 10. Bd3 Nge7 11.
Qf4 c4 12. Be2 h6 13. h4 Qxc2 14. O-O Rh7 15. Rfb1 b6 16. Ne1 g5 17. Nxc2 gxf4 18. Bxf4 Bd7 19. h5 O-O-O 20. Ne3 Rf8 21. Ng4 Ng8 22.
g3 Be8 23. Kg2 Nce7 24. a4 Nc6 25. Bd1 Na5 26. Bc2 Rh8 27. Rh1 Kb7 28. Nf6 Nxf6 29. exf6 Rfg8 30. f3 Ka6 31. g4 Nc6 32. Kg3 Bd7 33.
Rhe1 Nb8 34. Bd2 Bc6 35. Bf4 Nd7 36. Be5 Kb7 37. Kh4 a5 38. f4 Nxe5 39. Rxe5 Kc7 40. g5 Rf8 41. Ree1 Bd7 42. Rab1 Bc6 43. Rb2 Bd7 44.
Reb1 Rb8 45. g6 Rhf8 46. g7 Rfd8 47. Kg3 Bc6 48. Kg4 Kd6 49. Ra1 Kc7 50. Re1 Bd7 51.
Re5 Bc6 52. Kg3 Bd7 53. f5 exf5 54. Rxd5 Be6 55. Rdb5 Bd7 56. Re5 Be6 57. Kf4 Kd6 58.
Bxf5 Bd5 59. Re7 Bc6 60. Ra2 b5 61. axb5 Rxb5 62. Rxf7 Rb3 63. Rf8 1-0

[Event "Early-Titled-Tuesday-Blitz-April-02-2024"]
[Site "Chess.com"]
[Date "2024.04.02"]
[Round "6"]
[White "Barmen_EV"]
[Black "eagleclaw07"]
[Result "0-1"]
[WhiteElo "2576"]
[BlackElo "2843"]
[TimeControl "180+1"]
[EndTime "9:07:35 PDT"]
[Termination "eagleclaw07 won by resignation"]

1. e4 c6 2. d4 d5 3. e5 c5 4.
c3 Nc6 5. h3 e6 6. Nf3 Nge7 7.
dxc5 Ng6 8. Bb5 Bxc5 9. O-O O-O 10. Qe2 Bd7 11. Bd3 f6 12. exf6 Qxf6 13. Be3 Bxe3 14. Qxe3 Nf4 15. Nbd2 e5 16. Rfe1 Rae8 17. Bf1 e4 18.
Nd4 Nxd4 19. cxd4 Qg6 20. Kh1 Nd3 21. Bxd3 exd3 22. Qg3 Qxg3 23. fxg3 Rf2 24. Rxe8+ Bxe8 25. Rd1 Bg6 26. Kg1 Re2 27. a3 Be4 28. Nf3 Rxb2 29. Kf1 Ra2 30. Rc1 h6 31. h4 Rxa3 32. Ne5 Ra2 33. Rc8+ Kh7 34. h5 Bxg2+ 35. Ke1 d2+ 36. Kd1 Be4 37. Ke2 Bf5 38. Rb8 b6 39. g4 Be6 40.
Re8 Bg8 41. Kd1 g5 42. Re7+ Bf7 43. Rxf7+ Kg8 44. Rd7 a5 45. Rxd5 Rb2 46. Rd6 a4 47.
Nc4 Rb4 48. Nxb6 a3 49. Nd5 Rb1+ 50. Kxd2 a2 51. Rd8+ Kf7 52. Ra8 a1=Q 53. Rxa1 Rxa1 54. Ke3 Rg1 55. Ke4 Rxg4+ 56. Kf5 Rxd4 57. Nf6 Rf4+ 58.
Ke5 Rxf6 0-1

[Event "Early-Titled-Tuesday-Blitz-April-02-2024"]
[Site "Chess.com"]
[Date "2024.04.02"]
[Round "6"]
[White "teresin05"]
[Black "sorch29"]
[Result "0-1"]
[WhiteElo "2242"]
[BlackElo "2428"]
[TimeControl "180+1"]
[EndTime "9:07:36 PDT"]
[Termination "sorch29 won by resignation"]

1. e4 c5 2. Nf3 Nc6 3. d4 cxd4 4. Nxd4 Nf6 5. Nc3 d6 6. f3 e5 7. Ndb5 a6 8. Na3 b5 9. Nd5 Nxd5 10. exd5 Nd4 11. c3 Nf5 12. Qc2 Be7 13. Bd3 g6 14. O-O O-O 15. Qf2 Bh4 16. g3 Bg5 17. c4 Bxc1 18.
Raxc1 bxc4 19. Nxc4 Nd4 20. Rc3 Rb8 21. Rfc1 f5 22. b3 f4 23. g4 Rf7 24. Bf1 Kg7 25. Nd2 Bb7 26. Bc4 Rc7 27. Ne4 Rbc8 28. b4 Qe7 29.
Bb3 Qd8 30. Kg2 Rxc3 31. Rxc3 Rxc3 32. Nxc3 Qc7 33. Ne4 Nxb3 34. axb3 Bxd5 35. Qd2 Bxe4 36.
fxe4 Qb6 37. Kf3 Qc6 38. Qd3 Kf7 39. h4 Ke7 40. h5 gxh5 41. gxh5 h6 42. Qd2 Kf6 43.
Qe1 Qc7 44. Qh4+ Kf7 45. Qe1 Qc6 46. Qd2 Kf6 47. Qe1 Kf7 48. Qd2 Ke7 49. Qe1 Kd7 50.
Qd2 Kc7 51. Qd3 Kb6 52. Kg4 Qd7+ 53. Kf3 Qh3+ 54. Ke2 Qxd3+ 55. Kxd3 Kb5 56. Kc3 f3 57. Kd3 Kxb4 58. Ke3 Kxb3 59. Kxf3 a5 60. Kg4 a4 61.
Kf5 a3 62. Kg6 a2 63. Kxh6 a1=Q 64. Kg7 Qd4 65. h6 Qxe4 66. h7 Qh4 67. h8=Q Qxh8+ 68. Kxh8 e4 69. Kg7 e3 70. Kf6 e2 71. Ke6 e1=Q+ 72.
Kd5 Qd2+ 0-1

[Event "Early-Titled-Tuesday-Blitz-April-02-2024"]
[Site "Chess.com"]
[Date "2024.04.02"]
[Round "6"]
[White "MITerryble"]
[Black "FairChess_on_YouTube"]
[Result "1-0"]
[WhiteElo "3010"]
[BlackElo "3077"]
[TimeControl "180+1"]
[EndTime "9:07:38 PDT"]
[Termination "MITerryble won by checkmate"]

1. d4 Nf6 2. Bg5 g6 3. Nd2 Bg7 4. c3 O-O 5. e4 d6 6. Ngf3 Nc6 7.
Bb5 Bd7 8. O-O Qe8 9. Bd3 e5 10. Re1 h6 11. Bh4 Nh5 12. dxe5 dxe5 13. Bf1 Nf4 14. Qc2 a5 15. Rad1 Be6 16. Nc4 a4 17. b4 axb3 18. axb3 Bg4 19. Ncd2 Qe6 20. h3 Bxf3 21.
Nxf3 Bf6 22. Bg3 Nh5 23. Bh2 Kg7 24. Bc4 Qe7 25. b4 Nf4 26. Bd5 Nd8 27. Bxf4 exf4 28. e5 Bg5 29. Re4 c6 30. Bb3 Ne6 31. Bxe6 Qxe6 32.
h4 Ra2 33. Qb1 Be7 34. Rxf4 Rfa8 35. Nd4 Qxe5 36. Re4 Qf6 37. Rf1 Bd6 38. h5 Be5 39.
hxg6 Bxd4 40. Rxd4 Qxg6 41. Qd1 Ra1 42. Qxa1 Rxa1 43. Rxa1 Qc2 44. Rg4+ Kf6 45. Rg3 h5 46. Re1 h4 47. Rf3+ Kg6 48. Kh2 Qd2 49. Re4 Qd6+ 50.
Kh3 Qd7+ 51. Kxh4 f5 52. Ref4 Qc7 53. Kh3 Qh7+ 54. Kg3 Qc7 55. Kh2 Kg5 56. g3 Kg6 57. Rxf5 Qb6 58. Rf6+ Kg7 59. Rf7+ Kg6 60. R3f6+ Kh5 61.
Kh3 Qd8 62. g4+ Kg5 63. f4# 1-0

[Event "Early-Titled-Tuesday-Blitz-April-02-2024"]
[Site "Chess.com"]
[Date "2024.04.02"]
[Round "6"]
[White "PIwan"]
[Black "MKlose11"]
[Result "1/2-1/2"]
[WhiteElo "2448"]
[BlackElo "2613"]
[TimeControl "180+1"]
[EndTime "9:07:38 PDT"]
[Termination "Game drawn - insufficient material"]

1. c4 Nf6 2. Nc3 c5 3. Nf3 Nc6 4. e3 g6 5. d4 cxd4 6. exd4 d5 7.
cxd5 Nxd5 8. Qb3 Nxc3 9. Bc4 e6 10. bxc3 Be7 11. O-O Na5 12. Bb5+ Bd7 13. Qa4 Bxb5 14.
Qxb5+ Nc6 15. Qxb7 Rc8 16. Bh6 Bf8 17. Bxf8 Kxf8 18.
Rad1 Kg7 19. c4 Rc7 20. Qb2 Qf6 21. Qe2 Na5 22. Ne5 Rd8 23. Ng4 Qf5 24. d5 Nxc4 25. dxe6 Rxd1 26. Qxd1 fxe6 27. Re1 h5 28. Qa1+ e5 29.
Nxe5 Nxe5 30. Rxe5 Qf6 31. Re1 Qxa1 32. Rxa1 Rc2 33. a4 a5 34. g3 Rc4 35. Kg2 Kf6 36. h4 Ke5 37. Kf3 Kf5 38. Ke3 Kg4 39. Ra3 Rb4 40. Ke2 Kh3 41. Kf3 Rc4 42. Ra2 Kh2 43. Ke3 Kg2 44. Kd3 Rb4 45. Ke3 Rg4 46. Kd3 Rb4 47.
Ke3 Rc4 48. Kd3 Rg4 49. Ke3 Rb4 50. Kd3 Rb3+ 51. Ke4 Rb4+ 52. Ke5 Kf3 53. Kf6 Rb6+ 54. Kg5 Rd6 55. Rb2 Re6 56. Ra2 Kg2 57. f4+ Kxg3 58. Rb2 Rc6 59. Rb3+ Kf2 60. Rb5 Kg3 61. Rxa5 Rc4 62.
f5 Rg4+ 63. Kh6 gxf5 64. Rxf5 Rxh4 65. Rxh5 Rxa4 66. Rg5+ Kf4 67. Rg6 Ra5 68. Rg7 Rf5 69. Rg6 Ke5 70. Rg7 Rf4 71. Rg6 Ke4 72. Kg7 Rf5 73. Rf6 Rxf6 74. Kxf6 1/2-1/2

[Event "Early-Titled-Tuesday-Blitz-April-02-2024"]
[Site "Chess.com"]
[Date "2024.04.02"]
[Round "6"]
[White "joksijoksi"]
[Black "Martial2008"]
[Result "1/2-1/2"]
[WhiteElo "2539"]
[BlackElo "2631"]
[TimeControl "180+1"]
[EndTime "9:07:39 PDT"]
[Termination "Game drawn by repetition"]

1. c4 Nf6 2. Nc3 e5 3. g3 Bb4 4. Bg2 O-O 5. Nf3 e4 6. Nd4 Nc6 7. Nc2 Bxc3 8. dxc3 h6 9. O-O d6 10. h3 Be6 11. b3 Qd7 12. Kh2 a5 13. a4 Qe7 14.
Ne3 Rfe8 15. Ba3 b6 16. Qc2 Bd7 17. Nd5 Nxd5 18. cxd5 Ne5 19. c4 Bf5 20. Qc3 Qf6 21. Bb2 h5 22. f4 exf3 23. exf3 Nd7 24. Qd2 Qg6 25. Rae1 Nc5 26. Rxe8+ Rxe8 27. Re1 Rxe1 28. Qxe1 f6 29. g4 hxg4 30. hxg4 Nd3 31. Qd2 Nxb2 32.
Qxb2 Bd7 33. Qe2 Qe8 34. Qd2 g5 35. Kg3 Qe5+ 36. Kf2 Kg7 37. Qe3 Be8 38. Bf1 Bg6 39. Bd3 Qxe3+ 40. Kxe3 Be8 41. Bf5 Kf7 42. Be6+ Kg7 43.
Bf5 Bg6 44. Bd3 Kf7 45. Be4 Bxe4 46. fxe4 Ke7 47. Kf3 Kd8 48. Ke3 Kc8 49. Kd3 Kb7 50. Kc3 c6 51. Kd4 Kc7 52. Kc3 b5 53. dxc6 b4+ 54.
Kd3 Kxc6 55. Ke3 Kd7 56. Kd4 Ke6 57. Kd3 Ke5 58. Ke3 Ke6 59. Kd3 Ke7 60. Kd4 Kd8 61. Kd5 Kd7 62. Kd4 Kc6 63. Ke3 Kc5 64. Kd3 Kb6 65.
Kd4 Kc6 66. Ke3 1/2-1/2

[Event "Early-Titled-Tuesday-Blitz-April-02-2024"]
[Site "Chess.com"]
[Date "2024.04.02"]
[Round "6"]
[White "Likvidator228"]
[Black "JoliyRoger"]
[Result "1-0"]
[WhiteElo "2570"]
[BlackElo "2425"]
[TimeControl "180+1"]
[EndTime "9:07:39 PDT"]
[Termination "Likvidator228 won by resignation"]

1. d4 Nf6 2. c4 e6 3. Nc3 Bb4 4. e3 c5 5. Ne2 cxd4 6. exd4 d5 7. a3 Bxc3+ 8. Nxc3 O-O 9. Bg5 dxc4 10. Bxc4 Nc6 11. d5 Ne5 12. Be2 exd5 13. Bxf6 Qxf6 14. Nxd5 Qh4 15. Ne3 Rd8 16. Qb3 Be6 17. Qxb7 Rab8 18. Qc7 Qf4 19. Qc2 Rdc8 20. Qd2 Rd8 21. Qc2 Bb3 22. Qc3 Rdc8 23. Qa5 Nc6 24. Qf5 Qxf5 25. Nxf5 Bc2 26. Ne3 Rxb2 27. O-O Be4 28. Ba6 Rcb8 29. Rfc1 Ne5 30. h3 f5 31. Nc4 Nxc4 32. Bxc4+ Kf8 33. Ra2 a5 34. Rxb2 Rxb2 35. Be6 Ke7 36. Bg8 h6 37. f3 Bb7 38. Rc5 a4 39. Rxf5 Rb1+ 40. Kh2 Kd6 41. Rf7 g5 42. Rf6+ Ke5 43. Rxh6 Rb2 44. Kg3 Rb3 45. Bxb3 axb3 46. Rb6 Bd5 47.
a4 Kd4 48. a5 Kc5 49. h4 Bc4 50.
Rxb3 Bxb3 51. hxg5 Kb5 52. Kf4 Kxa5 53. Ke5 Kb6 54. Kf6 Kc7 55. g6 Kd8 56. Kg7 Ke8 57. f4 Bd5 58. g4 Ke7 59. f5 Be4 60. f6+ Ke6 61. f7 1-0

[Event "Early-Titled-Tuesday-Blitz-April-02-2024"]
[Site "Chess.com"]
[Date "2024.04.02"]
[Round "6"]
[White "GoValya"]
[Black "Speed-O-Sonic"]
[Result "0-1"]
[WhiteElo "2231"]
[BlackElo "2439"]
[TimeControl "180+1"]
[EndTime "9:07:39 PDT"]
[Termination "Speed-O-Sonic won by resignation"]

1. Nf3 d5 2. g3 g6 3. d4 Bg7 4. Bg2 c6 5. c4 Nf6 6. O-O dxc4 7. Ne5 Ng4 8. Nf3 O-O 9. h3 Nf6 10. a4 Na6 11. Nbd2 Be6 12. e3 Nb4 13. Ne5 Nd3 14. Ndxc4 Nxc1 15. Rxc1 Bd5 16. f3 Nd7 17. Nd3 Nb6 18.
Nce5 f6 19. Ng4 Nc4 20. b3 Nd6 21. e4 Bf7 22. Ne3 Rc8 23. f4 e6 24. Nc5 b6 25.
Nd3 Qd7 26. e5 Nf5 27. Nxf5 exf5 28. Nb4 fxe5 29. dxe5 Qxd1 30. Rfxd1 Bxb3 31. Rd7 Bxa4 32. Rxa7 Bb5 33. Rd1 Ra8 34. Rdd7 Rxa7 35. Rxa7 Rc8 36. Rb7 Bf8 37. Nc2 Rd8 38. Kh2 Rd2 39. Ne3 Bc5 40.
Rb8+ Kg7 41. Rb7+ Kh6 42. g4 fxg4 43. hxg4 Bxe3 44. g5+ Kh5 45. Kg3 Rxg2+ 46. Kxg2 Bxf4 47. Rxh7+ Kxg5 48. e6 c5 49. e7 Bc6+ 50. Kf2 b5 51. Rh8 b4 52. Rc8 Ba4 53. Rxc5+ Kf6 54. Ra5 Be8 55.
Rb5 Bxb5 56. Kf3 Kxe7 57. Kxf4 b3 58. Kg5 b2 59. Kxg6 b1=Q+ 60. Kg5 Bc4 61. Kh6 Qg1 62.
Kh5 Kf6 0-1

[Event "Early-Titled-Tuesday-Blitz-April-02-2024"]
[Site "Chess.com"]
[Date "2024.04.02"]
[Round "6"]
[White "Nf3c5"]
[Black "Nemegejas"]
[Result "0-1"]
[WhiteElo "2604"]
[BlackElo "2826"]
[TimeControl "180+1"]
[EndTime "9:07:41 PDT"]
[Termination "Nemegejas won by resignation"]

1. d4 Nf6 2. Nf3 c5 3. e3 g6 4. dxc5 Qa5+ 5. Nbd2 Bg7 6. a3 Qxc5 7. b4 Qc7 8. Bb2 O-O 9. c4 b6 10. Be2 Bb7 11.
O-O d6 12. Rc1 Nbd7 13. Qb3 Rac8 14. Rfd1 Qb8 15. h3 Qa8 16. Bf1 Rc7 17. Nd4 a6 18. N4f3 Rfc8 19. Bd4 b5 20. Bb2 bxc4 21. Bxc4 e6 22.
Bxe6 fxe6 23. Qxe6+ Kh8 24. Ng5 h6 25. Nf7+ Kh7 26.
Nxd6 Rxc1 27. Bxc1 Bd5 28. Qe7 Rc2 29. e4 Bc6 30. Nf3 Ng8 31. Qe6 Qf8 32. Nf7 Bf6 33. Bf4 Qe7 34. Qb3 Rc3 35. Qa2 Qxe4 36. Nd6 Qxf4 37. Qf7+ Kh8 38. Re1 Rxf3 39. Qxg6 Bd5 40. gxf3 Qxf3 41. Nf7+ Bxf7 42. Qxf7 Qxh3 43. Re8 Qg4+ 44.
Kf1 Ne5 45. Rxg8+ Qxg8 46. Qxf6+ Qg7 47. Qd8+ Kh7 48. Qd4 Qf6 49. Qe4+ Kg7 50. Qe3 h5 51. Qg3+ Kh6 52. Kg2 Ng6 53. Qe3+ Qg5+ 54. Qg3 h4 55.
Qxg5+ Kxg5 56. a4 Nf4+ 57. Kf3 Nd5 58. b5 a5 59. Ke4 Nb6 60. Kd4 h3 61. Ke3 h2 62.
f4+ Kf5 0-1

[Event "Early-Titled-Tuesday-Blitz-April-02-2024"]
[Site "Chess.com"]
[Date "2024.04.02"]
[Round "6"]
[White "Grossboss19"]
[Black "Smiechu"]
[Result "0-1"]
[WhiteElo "2556"]
[BlackElo "2462"]
[TimeControl "180+1"]
[EndTime "9:07:41 PDT"]
[Termination "Smiechu won by resignation"]

1. c4 Nf6 2. Nc3 c5 3. Nf3 Nc6 4. g3 g6 5. d4 cxd4 6. Nxd4 Bg7 7. Bg2 O-O 8. O-O d6 9. e3 Bd7 10. b3 Rc8 11. Bb2 a6 12. a4 Nxd4 13. exd4 Bc6 14.
d5 Bd7 15. Re1 Re8 16. Qd2 b5 17. axb5 axb5 18. Nxb5 Bxb5 19. cxb5 Qb6 20. Bf1 Rc5 21.
Ra6 Rxd5 22. Rxb6 Rxd2 23. Bc3 Nd5 24. Bxd2 Nxb6 25. Be3 Nd5 26. Ba7 e6 27. Bg2 Nc3 28.
Bc6 Re7 29. Bb8 Nxb5 30. Bxb5 Rb7 31. Bxd6 Rxb5 32. b4 Bf8 33. Bxf8 Kxf8 34. Rb1 Ke7 35. Kg2 Kd6 36. Kf3 Kd5 37. Kf4 f6 38. Kg4 Kc4 39.
f4 Rxb4 40. Rc1+ Kd5 41. Rc7 h5+ 42. Kh4 Ke4 43. Rc6 Kf5 44. h3 g5+ 45. Kxh5 gxf4 46. g4+ Ke5 47. h4 f3 48. g5 fxg5 49. hxg5 f2 50. Rc1 Kf4 51. g6 e5 52. g7 Rb8 53.
Rc7 Ke3 54. Rf7 e4 55. Rf8 Rb5+ 56. Kh4 Rb1 57. Kh3 Rh1+ 58. Kg2 Rg1+ 59. Kh2 Rxg7 60.
Ra8 Rh7+ 61. Kg2 Rg7+ 62. Kh2 f1=Q 63. Ra3+ Qd3 0-1

[Event "Early-Titled-Tuesday-Blitz-April-02-2024"]
[Site "Chess.com"]
[Date "2024.04.02"]
[Round "6"]
[White "bascheyaro"]
[Black "Sanan_Sjugirov"]
[Result "0-1"]
[WhiteElo "2804"]
[BlackElo "2990"]
[TimeControl "180+1"]
[EndTime "9:07:46 PDT"]
[Termination "Sanan_Sjugirov won by resignation"]

1. d4 Nf6 2. Nf3 b6 3. c4 e6 4. Nc3 Bb4 5. Qc2 Bb7 6. g3 Be4 7. Qd2 a5 8. Bg2 O-O 9. O-O d6 10. Qe3 Bxc3 11. Qxc3 Nbd7 12. Rd1 Qe7 13. h3 h6 14. b3 Rfc8 15. Be3 Qe8 16. Qb2 Rcb8 17. a4 Qc8 18. Rac1 Qb7 19. Kh2 Re8 20. Qc3 Rac8 21. Qd2 Nf8 22. Qe1 Ng6 23. Qh1 Rb8 24. Nd2 Bxg2 25.
Qxg2 c6 26. Ne4 Nxe4 27. Qxe4 Qd7 28. h4 Ne7 29. Qg4 f5 30. Qf3 Kh7 31. Bf4 Rbd8 32. h5 Ng8 33. c5 bxc5 34. dxc5 d5 35. Be5 Qf7 36. b4 axb4 37. Rd4 Nf6 38. Rxb4 Nd7 39.
Bd6 e5 40. e3 Ra8 41. Qd1 Nf6 42. Kg2 Ne4 43. Rb6 Qd7 44. f3 Nf6 45. Qc2 Kg8 46. Rcb1 Ra7 47. a5 Rxa5 48. Rb7 Qe6 49. Rc7 d4 50.
Rxc6 Ra2 51. Rb2 d3 52. Qd2 Rxb2 53. Qxb2 Qd5 54. Rc7 d2 55. Bxe5 d1=Q 56. Rxg7+ Kxg7 57. Bxf6+ Kh7 0-1

[Event "Early-Titled-Tuesday-Blitz-April-02-2024"]
[Site "Chess.com"]
[Date "2024.04.02"]
[Round "6"]
[White "Kirill_Klukin"]
[Black "stolencandy13"]
[Result "0-1"]
[WhiteElo "2816"]
[BlackElo "2675"]
[TimeControl "180+1"]
[EndTime "9:07:50 PDT"]
[Termination "stolencandy13 won by resignation"]

1. d4 Nf6 2. Nf3 d5 3. e3 c5 4. Bd3 Nc6 5. b3 g6 6. Bb2 cxd4 7. exd4 Bg7 8. Nbd2 O-O 9. O-O Bg4 10. h3 Bxf3 11. Nxf3 Nb4 12. Be2 Rc8 13. c3 Nc6 14. Bd3 Ne4 15.
Qe2 Nd6 16. Ne5 e6 17. Rac1 Qc7 18. Rfd1 Rfd8 19. Nxc6 Qxc6 20. c4 dxc4 21. bxc4 Qa4 22. Rc2 Nf5 23. d5 Bxb2 24. Rxb2 Nd4 25. Qf1 exd5 26.
cxd5 b6 27. Rbd2 Rxd5 28. Be4 Rd6 29. Qd3 Rcd8 30. Qe3 Qb4 31. Kh2 Ne6 32. Rxd6 Rxd6 33. Rxd6 Qxd6+ 34. g3 Qd4 35. Qe2 Kg7 36. h4 h5 37. Bc2 Nc5 38. Bb3 Nxb3 39. axb3 Qc3 40. Qb5 Qb2 41. Kg2 Qd4 42. Kg1 a5 43. Kg2 Kf6 44.
Qc6+ Ke7 45. Kg1 Qd1+ 46. Kg2 Qd6 47. Qb7+ Ke6 48. Qe4+ Kd7 49. Qb7+ Qc7 50. Qd5+ Ke7 51. Qe4+ Kf8 52. Qd4 Qc6+ 53. Kg1 Qc5 54. Qh8+ Ke7 55. Kg2 Qd5+ 56. Kh2 Qxb3 57. Qe5+ Qe6 58. Qc7+ Kf6 59. Qc3+ Ke7 60. Qc7+ Kf8 61. Qd8+ Kg7 62. Qd4+ Qf6 63. Qc4 Qxf2+ 64. Kh1 Qf6 65. Qb5 Qd4 66. Kg2 a4 67. Qb1 a3 68. Kh3 0-1

[Event "Early-Titled-Tuesday-Blitz-April-02-2024"]
[Site "Chess.com"]
[Date "2024.04.02"]
[Round "6"]
[White "ChessQueen"]
[Black "rezamahdavi2008"]
[Result "0-1"]
[WhiteElo "2725"]
[BlackElo "2903"]
[TimeControl "180+1"]
[EndTime "9:07:51 PDT"]
[Termination "rezamahdavi2008 won by resignation"]

1. e4 c5 2. d4 c4 3. Bxc4 e6 4.
Nf3 d6 5. O-O Nf6 6. Re1 Be7 7.
Nc3 O-O 8. Bd3 Nc6 9. e5 dxe5 10. dxe5 Nd7 11. Bf4 Qb6 12. Rb1 Rd8 13. Qe2 Nc5 14. Bc4 a6 15. a3 Nd7 16. Ne4 Nf8 17. h4 Bd7 18. h5 h6 19. Bd3 Nd4 20. Nxd4 Qxd4 21. c3 Qb6 22. Nd6 Bc6 23. Bc2 Bxd6 24. exd6 f6 25. c4 Qd4 26. Be3 Qxd6 27. Qg4 Kh8 28.
Rbd1 Qe7 29. b4 Rxd1 30. Rxd1 Rd8 31. Bc5 Rxd1+ 32. Qxd1 Qe8 33. Qd3 f5 34. Qe2 Nd7 35. Bd4 Qf7 36. Bb3 Nf6 37. b5 axb5 38. cxb5 Bd5 39.
Bxd5 Nxd5 40. Qe5 Kh7 41. a4 Nf6 42. Qe2 Ne4 43. Be5 Qd7 44. f3 Ng5 45. a5 Nf7 46. Ba1 Qd6 47. Qb2 e5 48. Qc2 g6 49. hxg6+ Kxg6 50. g4 Kg7 51. gxf5 Qa3 52. Bc3 Qc5+ 53. Kg2 Qxb5 54.
Qe4 Qc5 55. Qb4 Qd5 56. Qe4 Qc5 57. Qb4 Qxb4 58. Bxb4 Kf6 59. Bd2 Kxf5 60. Be3 h5 61. Kg3 Kg6 62. Bd2 Nd6 63. Bc3 Nf7 64. Kh4 Ng5 65. Kg3 Kf5 66. Bd2 h4+ 67. Kg2 h3+ 68. Kh1 Nxf3 69. Be3 Ke4 0-1

[Event "Early-Titled-Tuesday-Blitz-April-02-2024"]
[Site "Chess.com"]
[Date "2024.04.02"]
[Round "6"]
[White "GnowReopard"]
[Black "TigrVShlyape"]
[Result "0-1"]
[WhiteElo "2761"]
[BlackElo "2911"]
[TimeControl "180+1"]
[EndTime "9:07:52 PDT"]
[Termination "TigrVShlyape won by resignation"]

1. e4 e5 2. Nf3 Nc6 3. Bc4 Nf6 4.
d4 exd4 5. O-O Nxe4 6. Re1 d5 7. Bxd5 Qxd5 8. Nc3 Qa5 9. Nxe4 Be6 10. Neg5 O-O-O 11. Nxe6 fxe6 12. Rxe6 Bd6 13. Bg5 Rde8 14. Qe2 Rxe6 15.
Qxe6+ Kb8 16. Re1 a6 17. a3 Rf8 18. Bh4 Qb5 19. b4 d3 20. c4 Qa4 21. c5 Bf4 22.
Be7 Re8 23. Qd7 Rxe7 24. Rxe7 d2 25. Nxd2 Ka7 26. Nf1 Qxa3 27. Re4 Be5 28. f4 Bf6 29. Qxc7 Qd3 30. Qb6+ Kb8 31. Re8+ Bd8 32. h3 Qd7 33.
Rxd8+ Qxd8 34. Qxd8+ Nxd8 35. Ne3 Kc7 36. Kf2 Kc6 37.
Kf3 Kb5 38. Nc2 Nc6 39. Ke4 Nxb4 40. Nd4+ Kxc5 41. Ne6+ Kc4 42. Nxg7 a5 43. Nf5 a4 44. Nd6+ Kc3 45. f5 Nc6 46. f6 Nd8 47. Nxb7 Nxb7 48. Kd5 Nd8 49. Kd6 a3 50. Ke7 a2 51. Kxd8 a1=Q 52. f7 Qf1 53. Ke7 Qe2+ 54. Kf6 Qf2+ 55. Ke7 Qe3+ 56. Kd7 Qf4 57. Ke7 Qe5+ 58. Kd7 Qf6 59.
Ke8 Qe6+ 60. Kf8 Kd4 61. h4 Ke5 62. h5 Kf6 0-1

[Event "Early-Titled-Tuesday-Blitz-April-02-2024"]
[Site "Chess.com"]
[Date "2024.04.02"]
[Round "6"]
[White "manitodeplomo"]
[Black "BardArtem"]
[Result "0-1"]
[WhiteElo "2664"]
[BlackElo "2853"]
[TimeControl "180+1"]
[EndTime "9:07:52 PDT"]
[Termination "BardArtem won by resignation"]

1. d4 d5 2. c4 e6 3. Nf3 Nf6 4.
Nc3 h6 5. g3 Bd6 6. Bg2 O-O 7.
O-O Nc6 8. e3 Re8 9. b3 b6 10. Bb2 Ba6 11. Nd2 Ne7 12. Nb5 Bxb5 13. cxb5 c6 14. bxc6 Nxc6 15. Qe2 Rc8 16. Rfc1 Qd7 17.
a3 Na5 18. b4 Nc6 19. Nb3 Qb7 20. b5 Ne7 21. a4 Rxc1+ 22. Rxc1 Rc8 23. Qd1 Rxc1 24.
Qxc1 Qc8 25. Qxc8+ Nxc8 26. Kf1 Kf8 27. Ke2 Ke7 28. f3 Kd7 29. e4 Bc7 30. e5 Ng8 31. f4 Bd8 32. Ba3 Be7 33. Bxe7 Ngxe7 34. g4 Ng6 35. Ke3 Nce7 36. Bf1 f5 37. exf6 gxf6 38. Bd3 Kd6 39. Nd2 e5 40. Bxg6 exd4+ 41. Kxd4 Nxg6 42. Ke3 Kc5 43. Nf3 Kb4 44. Nd4 Kxa4 45. Nf5 Kxb5 46. Nxh6 Kc4 47. Ng8 Kc3 48. Nxf6 d4+ 49. Kf3 d3 50. Ne4+ Kd4 51. Nd2 a5 52. f5 Ne5+ 53.
Kf4 a4 54. g5 a3 55. g6 Nd7 56. Kg5 a2 57. f6 Kd5 58. g7 a1=Q 59. g8=Q+ Kc6 60.
Qc4+ Kb7 61. Qxd3 Qxf6+ 62. Kg4 Ne5+ 63. Kg3 Nxd3 0-1

[Event "Early-Titled-Tuesday-Blitz-April-02-2024"]
[Site "Chess.com"]
[Date "2024.04.02"]
[Round "6"]
[White "tortorchess"]
[Black "ylr5000"]
[Result "0-1"]
[WhiteElo "2218"]
[BlackElo "2474"]
[TimeControl "180+1"]
[EndTime "9:07:52 PDT"]
[Termination "ylr5000 won on time"]

1. d4 Nf6 2. c4 e6 3. Nc3 d5 4.
Nf3 Be7 5. Bg5 O-O 6. e3 h6 7. Bh4 Ne4 8. Bxe7 Qxe7 9. Bd3 Nxc3 10. bxc3 Nd7 11. O-O dxc4 12. Bxc4 b6 13. e4 Bb7 14. Bd3 c5 15. Bc2 cxd4 16. cxd4 Rac8 17. Re1 Rfd8 18. Rc1 Nf6 19. e5 Nd7 20. Qd3 Nf8 21. Qe3 Bxf3 22.
Qxf3 Qb4 23. Red1 Rxd4 24. Bh7+ Kxh7 25. Rxc8 Rxd1+ 26. Qxd1 Ng6 27. h3 Nxe5 28. Qc2+ f5 29. Qe2 Qd4 30. Rc7 a5 31. Re7 Qd6 32. Rb7 Qc6 33. Ra7 Qc1+ 34. Kh2 Qf4+ 35. g3 Qd4 36. Rc7 a4 37. Rc2 Qd5 38. Rc3 Nc6 39. Rd3 Nd4 40. Qe3 e5 41. Kg1 Qxa2 42. g4 Qb1+ 43. Kg2 Qb5 44. gxf5 Qd5+ 45. f3 Nxf5 46. Qe4 Qxe4 47.
fxe4 Nd4 48. Ra3 b5 49. Kf2 Nc2 50. Ra2 Nd4 51. Ke3 Kg6 52. Kd3 Kh5 53. Kc3 Kh4 54. Rg2 g5 55. Kb4 Kxh3 56. Rf2 g4 57. Rf6 h5 58.
Rf2 g3 0-1

[Event "Early-Titled-Tuesday-Blitz-April-02-2024"]
[Site "Chess.com"]
[Date "2024.04.02"]
[Round "6"]
[White "Rawnsdale"]
[Black "SharathRk6"]
[Result "0-1"]
[WhiteElo "2546"]
[BlackElo "2426"]
[TimeControl "180+1"]
[EndTime "9:07:53 PDT"]
[Termination "SharathRk6 won by checkmate"]

1. e4 e5 2. Nf3 Nc6 3. Bb5 a6 4.
Ba4 Nf6 5. O-O b5 6. Bb3 Bc5 7.
c3 d6 8. d4 Bb6 9. h3 O-O 10.
Re1 h6 11. a4 Bb7 12. Be3 Re8 13. Nbd2 exd4 14. cxd4 Nxe4 15. Nxe4 Rxe4 16. Bd5 Re8 17.
Qc1 Na5 18. Bxb7 Nxb7 19. axb5 axb5 20. Rxa8 Qxa8 21. Qc6 b4 22. Nh4 Bxd4 23. Nf5 Bxe3 24. Nxe3 Nc5 25. Qxc7 Nd3 26. Re2 Nf4 27. Rd2 b3 28.
Qxd6 Ne6 29. Qg3 Qe4 30. Kh2 Rc8 31. Rd7 Qf4 32. Rb7 Qxg3+ 33. Kxg3 Nd4 34. Rb4 Ne2+ 35.
Kf3 Nc1 36. Nd5 Rc2 37. Ne7+ Kh7 38. Nd5 Rxb2 39. Ne3 Rxf2+ 40. Kxf2 Nd3+ 41. Ke2 Nxb4 42. Kd2 Nc6 43. Kc3 Na5 44. Nd5 f5 45. Ne7 g6 46.
Nd5 Kg7 47. Ne3 Kf6 48. Nd1 Ke5 49. Kd3 g5 50. Nb2 Kf4 51. Ke2 Kg3 52. Kf1 f4 53. Nd3 Nc6 54. Nb2 Nd4 55. Kg1 h5 56. Nd3 g4 57.
hxg4 hxg4 58. Nb2 f3 59. gxf3 gxf3 60. Kf1 f2 61. Nd3 Nf5 62. Ke2 Kg2 63. Nxf2 b2 64. Nd3 b1=Q 65. Nf4+ Kg3 66. Nd3 Nd4+ 67. Ke3 Nf5+ 68.
Kd2 Qa2+ 69. Ke1 Kf3 70. Ne5+ Ke3 71. Ng4+ Kf4 72. Nf2 Nd4 73. Nd3+ Ke3 74. Nc1 Qd2+ 75. Kf1 Qf2# 0-1